 Dungeon Crawl Stone Soup version 0.31-a0-167-g1c394c0614 (webtiles) character file.

Game seed: 14713213924006190724

416 qw the Shooter (level 6, -8/38 HPs)
             Began as a Gargoyle Hunter on June 14, 2023.
             Killed from afar by Dowan (10 damage)
             ... with a stone arrow
             ... on level 4 of the Dungeon.
             The game lasted 00:01:07 (2990 turns).

qw the Shooter (Gargoyle Hunter)                    Turns: 2990, Time: 00:01:07

Health: -8/38      AC: 11    Str: 14    XL:     6   Next: 92%
Magic:  6/6        EV: 11    Int: 10    God:
Gold:   116        SH:  0    Dex: 15    Spells: 5/5 levels left

rFire   . . .        Y - +0 shortbow
rCold   . . .        (shield currently unavailable)
rNeg    + . .        d - +0 ring mail
rPois   inf          (no helmet)
rElec   +            g - +0 cloak
rCorr   .            (no gloves)
SInv    .            (no boots)
Will    .....        (no amulet)
Stlth   +            (no ring)
HPRegen 0.26/turn    (no ring)
MPRegen 0.10/turn

%: no passive effects
@: lit by a corona, glowing
A: sickness immunity, AC +4, negative energy resistance 1, electricity
resistance, torment resistance 1, petrification resistance
a: no special abilities


You were on level 4 of the Dungeon.
You visited 1 branch of the dungeon, and saw 4 of its levels.

You collected 116 gold pieces.


Innate Abilities, Weirdness & Mutations

You are immune to sickness and miasma.
Your stone body is resilient. (AC +4)
You are immune to poison.
You resist negative energy. (rN+)
You are resistant to electric shocks. (rElec)
You are resistant to unholy torment.
You are immune to petrification.


   Skills:
 - Level 4.0 Fighting
 + Level 7.0 Ranged Weapons
 - Level 2.2 Armour
 - Level 1.5 Dodging
 - Level 1.1 Stealth


You had 5 spell levels left.
You didn't know any spells.
Your spell library was empty.

Inventory:

Hand Weapons
 Y - a +0 shortbow (weapon)
Armour
 d - a +0 ring mail (worn)
 g - a +0 cloak (worn)
Scrolls
 a - a scroll of identify
Potions
 h - a potion of curing
 i - a potion of attraction
 k - a potion of haste {unknown}

Dungeon Overview and Level Annotations

Branches:
Dungeon (4/15)
 Temple: D:4-7

Altars:

Shops:
D:1 :   D:2 (

Annotations:
D:2 1 runed translucent door, Crazy Yiuf
D:4 Dowan


Message History

Duvessa hits you with a +0 short sword.
You shoot an arrow. The arrow hits Duvessa!
Duvessa is severely wounded.
Duvessa hits you with a +0 short sword.
Dowan says, "My weaknesses are her strengths!"
Dowan points at you and mumbles some strange words.
The puff of flame misses you. Duvessa misses you.
Dowan hits you but does no damage.
You shoot an arrow. The arrow hits Duvessa.
Duvessa is almost dead.
Duvessa completely misses you.
Duvessa says, "When magic and the sword combine, nothing stands against them."
Duvessa hits you but does no damage. Dowan closely misses you.
You shoot an arrow.
The arrow hits Duvessa but does no damage.
Duvessa is almost dead.
Duvessa says, "Where magic fails, the sword succeeds!"
Duvessa hits you but does no damage. Dowan hits you but does no damage.
Duvessa hits you but does no damage.
You shoot an arrow. The arrow hits Duvessa.
Duvessa is almost dead.
Duvessa hits you with a +0 short sword.
Dowan zaps a wand.
The puff of flame hits you.
You shoot an arrow.
The arrow hits Duvessa but does no damage.
Duvessa is almost dead.
Duvessa hits you with a +0 short sword. Dowan hits you but does no damage.
Duvessa barely misses you.
You shoot an arrow. The arrow hits Duvessa.
You kill Duvessa!
Dowan screams, "No!
No!"
Dowan seems to find hidden reserves of power!
Dowan zaps a wand.
The puff of flame hits you. Dowan hits you but does no damage.
Your Ranged Weapons skill increases to level 7!
You shoot an arrow. The arrow hits Dowan.
Dowan is lightly wounded.
Dowan casts a spell at you. The stone arrow hits you!
You die...

##..<..#.
#...........
#.......##..
#.......#
#..#..#.# #######
# #..##.#.##
#....># .##
#..##)...#
#.....##....
#........#
#....)...#
##.####..#
#...@e#
#.......###.....#
######.......####
#...###.#
#....##.#
#....##.#####
#...).......#
####..#####.#
#..#


You could see Dowan (fast).

Vanquished Creatures
  Duvessa (D:4)
  A phantom (D:4)
  A hound (D:3)
  Jessica (D:3)
  Natasha (thrice) (D:2)
  An iguana (D:3)
  An adder (D:3)
  A white imp (D:3)
  A worm (D:2)
  5 dart slugs
  6 endoplasms
  3 giant cockroaches
  4 goblins
  7 hobgoblins
  9 jackals (D:1)
  A quokka (D:1)
  2 ball pythons
  6 bats
  6 frilled lizards
  6 kobolds
  2 rats (D:2)
  A spectral goblin (D:1)
69 creatures vanquished.

Notes
Turn   | Place    | Note
-------+----------+-------------------------------------------
     0 | D:1      | qw the Gargoyle Hunter began the quest for the Orb.
     0 | D:1      | Reached XP level 1. HP: 12/12 MP: 1/1
     0 | D:1      | 0 ||| qw: Version: 0.2-a-29-g1fa15c8
     0 | D:1      | 0 ||| qw: Game counter: 4890
     0 | D:1      | 0 ||| qw: Always use a shield: true
     0 | D:1      | 0 ||| qw: God list: Okawaru
     0 | D:1      | 0 ||| qw: Allow faded altars: false
     0 | D:1      | 0 ||| qw: Do Orc after D:15 true
     0 | D:1      | 0 ||| qw: Do second Lair branch before Depths: true
     0 | D:1      | 0 ||| qw: Lair rune preference: random
     0 | D:1      | 0 ||| qw: Plans: Normal, Zot:1-4, Slime:5, God:TSO, Crypt,
                  | Tomb, Abyss, Pan, Hells, Win
     0 | D:1      | 0 ||| PLANNING D:1-11
   132 | D:1      | Reached XP level 2. HP: 17/17 MP: 2/2
   151 | D:1      | Found a faded altar of an unknown god.
   181 | D:1      | 181 ||| Stepping ~*~*~tactically~*~*~ (water).
   469 | D:1      | Found Fiuran's Book Shoppe.
   562 | D:1      | Reached XP level 3. HP: 21/21 MP: 3/3
   579 | D:1      | Reached skill level 5 in Ranged Weapons
   951 | D:1      | 951 ||| UPGRADING to +0 ring mail.
   961 | D:1      | 961 ||| DROPPING +0 leather armour.
   962 | D:1      | 962 ||| UPGRADING to +0 cloak.
   967 | D:1      | 967 ||| READING scroll labelled AXZOSUI OLATU.
   968 | D:1      | 968 ||| READING scroll labelled WYXEXEOCYAPP.
   969 | D:1      | 969 ||| DRINKING 2 fizzy clear potions.
   970 | D:1      | 970 ||| DRINKING 2 puce potions.
   971 | D:1      | 971 ||| DROPPING scroll of butterflies.
   972 | D:1      | 972 ||| DROPPING potion of enlightenment.
  1085 | D:2      | Noticed Natasha
  1087 | D:2      | 1087 ||| FLEEEEING.
  1090 | D:2      | 1090 ||| FLEEEEING.
  1091 | D:2      | 1091 ||| FLEEEEING.
  1092 | D:2      | 1092 ||| FLEEEEING.
  1092 | D:2      | HP: 5/22 [Natasha/magic dart (4)]
  1093 | D:2      | 1093 ||| FLEEEEING.
  1094 | D:2      | 1094 ||| FLEEEEING.
  1099 | D:2      | 1099 ||| FLEEEEING.
  1100 | D:2      | 1100 ||| FLEEEEING.
  1100 | D:2      | HP: 1/22 [Natasha/magic dart (6)]
  1101 | D:2      | 1101 ||| FLEEEEING.
  1102 | D:2      | 1102 ||| FLEEEEING.
  1104 | D:2      | 1104 ||| FLEEEEING.
  1105 | D:2      | 1105 ||| FLEEEEING.
  1106 | D:2      | 1106 ||| FLEEEEING.
  1111 | D:2      | Killed Natasha
  1112 | D:2      | Reached XP level 4. HP: 5/27 MP: 4/4
  1399 | D:2      | Found Vycsud's Antique Weapon Boutique.
  1402 | D:2      | 1402 ||| SHOPLISTING runed sling (126 gold, have 88).
  1449 | D:2      | Noticed Natasha
  1462 | D:2      | Killed Natasha
  1463 | D:2      | Reached skill level 3 in Fighting
  1487 | D:2      | Identified the +8 hammer of Goxumny {speed, Fly rPois
                  | Dex+6}
  1507 | D:2      | Found a runed translucent door.
  1508 | D:2      | Noticed Crazy Yiuf
  1641 | D:2      | Noticed Natasha
  1649 | D:2      | Killed Natasha
  1650 | D:2      | Reached XP level 5. HP: 30/32 MP: 5/5
  1747 | D:2      | 1747 ||| DROPPING ring of magical power.
  1748 | D:2      | 1748 ||| READING 2 scrolls labelled MITZIS FUCLI.
  1749 | D:2      | 1749 ||| READING scroll labelled QYMPYO LIXI.
  1750 | D:2      | 1750 ||| READING scroll labelled YGHENA XIESA.
  2386 | D:3      | Noticed Jessica
  2388 | D:3      | Killed Jessica
  2389 | D:3      | Reached skill level 6 in Ranged Weapons
  2721 | D:3      | 2721 ||| READING scroll labelled QAKORE BAFO.
  2722 | D:3      | 2722 ||| READING scroll labelled KAUCHI BOLAALE.
  2723 | D:3      | 2723 ||| READING scroll labelled TAYZOP GIOSK.
  2724 | D:3      | 2724 ||| DRINKING 2 fizzy pink potions.
  2725 | D:3      | 2725 ||| READING 3 scrolls of identify.
  2725 | D:3      | 2725 ||| IDENTIFYING fuming clear potion
  2726 | D:3      | 2726 ||| READING 2 scrolls of identify.
  2726 | D:3      | 2726 ||| IDENTIFYING silvery potion
  2727 | D:3      | 2727 ||| DROPPING potion of berserk rage.
  2728 | D:3      | 2728 ||| DROPPING potion of brilliance.
  2795 | D:4      | Noticed a phantom
  2796 | D:4      | 2796 ||| STAIRDANCE
  2805 | D:3      | Reached XP level 6. HP: 18/38 MP: 6/6
  2809 | D:3      | HP: 8/38 [white imp/puff of frost (6)]
  2969 | D:4      | Noticed Dowan
  2970 | D:4      | Noticed Duvessa
  2988 | D:4      | HP: 5/38 [Duvessa/+0 short sword (6)]
  2989 | D:4      | Killed Duvessa
  2989 | D:4      | HP: 1/38 [Dowan/puff of flame (4)]
  2990 | D:4      | Reached skill level 7 in Ranged Weapons
  2990 | D:4      | Killed from afar by Dowan

Levels and vault maps discovered:
D:1:      minmay_arrival_loop, layout_basic, serial_shops, shop_fountains,
          dreamdust_ecumenical_altar_drowned_temple
D:2:      layout_rooms, serial_shops, nicolae_shop_behind_doors,
          due_unseen_surprise, uniq_natasha, uniq_crazy_yiuf_cottage
D:3:      layout_basic, uniq_jessica
D:4:      layout_loops_cross, uniq_grinder, uniq_duvessa

Skill      XL: |  1  2  3  4  5  6 |
---------------+-------------------+-----
Ranged Weapons | 5 6 7 |  7.0
Armour         | 2 |  2.2
Fighting       | 3 4 |  4.0
Dodging        | |  1.5
Stealth        | |  1.1

Action                     |  1- 3 |  4- 6 || total
---------------------------+-------+-------++-------
   Fire: Shortbow          |    93 |   153 ||   246
    Use: Scroll            |     2 |     8 ||    10
         Potion            |     2 |     1 ||     3
 Armour: Leather armour    |     7 |       ||     7
         Ring mail         |     3 |    46 ||    49
  Dodge: Dodged            |    21 |    65 ||    86

Table legend:
 A = Non-vault XP
 B = Vault XP
 C = Vault XP percentage of total XP
 D = Non-vault monster count
 E = Vault monster count
 F = Vault count percentage of total count
                 A         B        C        D         E       F
            +---------+---------+-------+---------+---------+-------
      Total |     391 |     204 |  34.3 |      65 |       4 |   5.8
            +---------+---------+-------+---------+---------+-------
        D:1 |      47 |       1 |   2.1 |      24 |       1 |   4.0
        D:2 |     115 |      36 |  23.8 |      23 |       1 |   4.2
        D:3 |     121 |      37 |  23.4 |      15 |       1 |   6.2
        D:4 |     108 |     130 |  54.6 |       3 |       1 |  25.0
            +---------+---------+-------+---------+---------+-------
